 Dungeon Crawl Stone Soup version 0.20-a0-303-g575bbf7 (webtiles) character file.

2681 Faca the Cleaver (level 9, -8/69 HPs)
             Began as a Formicid Fighter on Dec 17, 2016.
             Was an Elder of Okawaru.
             Mangled by a two-headed ogre
             ... wielding a +0 giant spiked club
              (15 damage)
             ... on level 8 of the Dungeon.
             The game lasted 00:27:55 (5556 turns).

Faca the Cleaver (Formicid Fighter)                 Turns: 5556, Time: 00:27:57

Health: -8/69      AC: 21    Str: 27    XL:     9   Next: 95%
Magic:  9/9        EV:  8    Int:  7    God:    Okawaru [****..]
Gold:   395        SH: 11    Dex: 13    Spells: 8/8 levels left

rFire  . . .     SeeInvis +     n - +0 battleaxe
rCold  + . .     Gourm    .     C - +4 plate armour
rNeg   . . .     Faith    .     c - +0 shield
rPois  .         Spirit   .     (helmet unavailable)
rElec  .         Reflect  .     y - +0 cloak (curse)
rCorr  .         Harm     .     b - +0 pair of gloves
MR     .....                    l - +0 pair of boots
Stlth  ..........               v - amulet of regeneration
                                h - +1 ring of protection
                                k - ring of protection from cold

@: mighty
A: permanent stasis, dig shafts and tunnels, four strong arms, antennae 3
a: Dig, Shaft Self, Heroism, Renounce Religion


You were on level 8 of the Dungeon.
You worshipped Okawaru.
Okawaru was greatly pleased with you.
You were not hungry.

You visited 1 branch of the dungeon, and saw 8 of its levels.
You also visited: Ossuary.

You collected 395 gold pieces.

Inventory:

Hand Weapons
 n - a +0 battleaxe (weapon)
Armour
 b - a +0 pair of gloves (worn)
 c - a +0 shield (worn)
 l - a +0 pair of boots (worn)
 y - a cursed +0 cloak (worn)
 C - a +4 plate armour (worn)
Jewellery
 h - a +1 ring of protection (right hand)
 k - a ring of protection from cold (left hand)
 v - an amulet of regeneration (around neck)
Wands
 a - a wand of paralysis (17/24)
 w - a wand of slowing (33/48)
 B - a wand of lightning (10/15)
Scrolls
 g - a scroll of magic mapping
 p - 8 scrolls of remove curse
 q - 2 scrolls of fear
Potions
 d - a potion of might
 e - 4 potions of curing {unknown}
 i - a potion of berserk rage {unknown}
 j - 4 potions of mutation {unknown}
 o - a potion of invisibility
 r - 2 potions of magic
 s - a potion of lignification
 t - a potion of brilliance {unknown}
 u - a potion of ambrosia
 x - 2 potions of cure mutation {unknown}
 z - 2 potions of agility {unknown}
 A - 4 potions of heal wounds {unknown}
Comestibles
 f - 5 bread rations
 m - 2 beef jerkies


   Skills:
 + Level 5.9 Fighting
 + Level 9.3 Axes
 + Level 6.5 Armour
 + Level 2.0 Dodging
 + Level 7.5 Shields


You had 8 spell levels left.
You didn't know any spells.

Dungeon Overview and Level Annotations

Branches:
Dungeon (8/15)             Temple (0/1) D:7
   Lair: D:8-11

Altars:
Dithmenos
Fedhas
Kikubaaqudgha
Nemelex Xobeh
Okawaru
Ru
Zin
The Shining One

Shops:
D:7 *


Innate Abilities, Weirdness & Mutations

You cannot be hasted, slowed, berserked, paralysed or teleported.
You can dig through walls and to a lower floor.
Your four strong arms can wield two-handed weapons with a shield.
You have a pair of large antennae on your head. (SInv)


Message History

The two-headed ogre hits you but does no damage.
The orc wizard mumbles some strange words.
The orc wizard blinks!
The orc barely misses you.
You hit the two-headed ogre but do no damage.
The two-headed ogre is lightly wounded.
The two-headed ogre hits you with a giant spiked club!!
* * * LOW HITPOINT WARNING * * *
You block the two-headed ogre's attack. The orc barely misses you.
Unknown command.
You feel very mighty all of a sudden. You block the two-headed ogre's attack.
The two-headed ogre hits you but does no damage.
You barely miss the two-headed ogre.
The two-headed ogre is lightly wounded.
You closely miss the centaur. The centaur hits you.
* * * LOW HITPOINT WARNING * * *
The centaur hits you but does no damage.
The orc closely misses you.
The two-headed ogre hits you with a giant spiked club!
You die...

### ..#####.# #.#.....
...####....##.#.#.#.....
........................
................##..####
........$.......+...#
...o.oo.........##..#
#o....#.......# {
#Oc..######...#
#@#...#.......#
#.###.#.......# #.#
#.#..###.##
#.###.#..###.#
#.....#...##.# .
####......# .#
....####.####.# .#
............#.# #####
....####.##)#.. ..(..


You could see a two-headed ogre, a centaur and 2 orcs.

Vanquished Creatures
  The ghost of brahma the Conjurer, an amateur DECj (D:3)
  2 ice beasts (D:6)
  A sky beast (D:7)
  A centaur (D:7)
  A black bear (D:6)
  A necrophage (D:7)
  2 ogres
  2 phantoms
  4 bullfrogs
  A water moccasin skeleton (D:5)
  2 scorpions
  3 wights (D:7)
  A bullfrog skeleton (D:3)
  5 hounds
  2 orc priests
  2 jellies
  2 centaur skeletons
  2 iguanas
  Terence (D:2)
  4 orc wizards
  2 worker ants
  A killer bee zombie (D:5)
  A hound skeleton (D:6)
  A hound zombie (D:5)
  13 mummies (Ossuary)
  A worker ant zombie (D:8)
  Robin (D:2)
  5 gnolls
  A howler monkey skeleton (D:6)
  8 adders
  2 shadow imps
  An adder zombie (D:6)
  3 adder skeletons
  4 worms
  4 dart slugs (D:1)
  11 leopard geckos
  22 orcs
  8 giant cockroaches
  12 hobgoblins
  4 jackals (D:7)
  9 kobolds
  2 quokkas
  A ball python (D:4)
  4 bats
  6 frilled lizards
  A gnoll skeleton (Ossuary)
  29 goblins
  3 goblin skeletons (Ossuary)
  2 kobold skeletons (Ossuary)
  2 orc skeletons (Ossuary)
  A quokka skeleton (D:8)
  2 quokka zombies (D:6)
  8 rats
  11 rat skeletons (Ossuary)
226 creatures vanquished.

Notes
Turn   | Place    | Note
-------+----------+-------------------------------------------
     0 | D:1      | Faca the Formicid Fighter began the quest for the Orb.
     0 | D:1      | Reached XP level 1. HP: 18/18 MP: 1/1
   112 | D:1      | Reached XP level 2. HP: 21/24 MP: 2/2
   364 | D:1      | Reached XP level 3. HP: 26/29 MP: 3/3
   782 | D:2      | Noticed Terence
   791 | D:2      | Killed Terence
   791 | D:2      | Reached skill level 3 in Axes
   791 | D:2      | Reached XP level 4. HP: 35/35 MP: 4/4
   852 | D:2      | Noticed Robin
   862 | D:2      | Reached XP level 5. HP: 21/41 MP: 5/5
   864 | D:2      | Killed Robin
   864 | D:2      | Reached skill level 1 in Dodging
  1332 | D:2      | Found an iron altar of Okawaru.
  1355 | D:2      | Became a worshipper of Warmaster Okawaru
  1596 | D:3      | Reached skill level 4 in Axes
  1733 | D:3      | Reached XP level 6. HP: 42/48 MP: 6/6
  1781 | D:3      | Found a faded altar of an unknown god.
  1868 | D:3      | Noticed brahma's ghost (amateur DECj)
  1874 | D:3      | Killed brahma's ghost
  1874 | D:3      | Reached skill level 5 in Shields
  1902 | D:3      | Reached * piety under Okawaru
  1904 | D:3      | Reached XP level 7. HP: 50/54 MP: 7/7
  1943 | D:3      | Reached skill level 5 in Axes
  2237 | D:4      | Found a sand-covered staircase.
  2242 | Ossuary  | Entered an ossuary
  2750 | Ossuary  | Reached skill level 6 in Axes
  2945 | D:4      | Reached XP level 8. HP: 52/61 MP: 8/8
  2952 | D:4      | Reached skill level 5 in Armour
  2962 | D:4      | Reached ** piety under Okawaru
  3030 | D:4      | Got a wizard robe
  3041 | D:4      | Identified the +2 robe of Senloill {*Contam Str+3 Int+2} (You found it on level 4 of the Dungeon)
  3087 | D:4      | Found an ancient bone altar of Kikubaaqudgha.
  3087 | D:4      | Found a blossoming altar of Fedhas.
  3198 | D:4      | Found a sacrificial altar of Ru.
  3328 | D:5      | Entered Level 5 of the Dungeon
  3586 | D:5      | Found a sparkling altar of Nemelex Xobeh.
  3589 | D:5      | Found a glowing silver altar of Zin.
  3592 | D:5      | Found an iron altar of Okawaru.
  3603 | D:5      | Found a shadowy altar of Dithmenos.
  3746 | D:6      | Reached skill level 7 in Axes
  3860 | D:6      | Reached skill level 5 in Fighting
  3883 | D:6      | Reached XP level 9. HP: 68/68 MP: 9/9
  3917 | D:6      | Reached *** piety under Okawaru
  4096 | D:6      | Reached skill level 8 in Axes
  4555 | D:7      | Found a staircase to the Ecumenical Temple.
  4706 | D:7      | Found a glowing golden altar of the Shining One.
  4796 | D:7      | Found Nanoin's Assorted Antiques.
  5104 | D:7      | Reached skill level 9 in Axes
  5350 | D:8      | Reached **** piety under Okawaru
  5543 | D:8      | Noticed a two-headed ogre
  5556 | D:8      | Mangled by a two-headed ogre

Vault maps used:
D:1:      dpeg_arrival_tiny_a, minivault_4
D:2:      okawaru_altar_gauntlet_db, uniq_terence, uniq_robin
D:3:      first_bread, chequers_ecumenical_altar_twisty, amethyst_killhole
D:4:      grunt_temple_overflow_growth_and_decay, lemuel_doored_altar,
          enter_ossuary_5
D:5:      grunt_temple_overflow_cloverleaf
D:6:      minmay_opposing_rooms
D:7:      kennysheep_mini, serial_shops, nicolae_shop_trees
Ossuary:  ossuary_due_small_catacomb

Skill      XL: |  1  2  3  4  5  6  7  8  9 |
---------------+----------------------------+-----
Shields        | 4 5 6 7 |  7.5
Axes           | 3 4 6 7 9 |  9.3
Dodging        | 1 2 |  2.0
Armour         | 4 5 6 |  6.5
Fighting       | 4 5 |  5.9

Action                   |  1- 3 |  4- 6 |  7- 9 || total
-------------------------+-------+-------+-------++-------
Melee: War axe           |    89 |   183 |   400 ||   672
       Battleaxe         |       |       |    95 ||    95
  Use: Scroll            |     5 |     2 |    14 ||    21
       Potion            |       |     1 |     1 ||     2
  Eat: Meat ration       |       |     1 |     2 ||     3
       Chunk             |       |     1 |     1 ||     2
Armor: Chain mail        |    57 |   111 |   184 ||   352
       Scale mail        |     1 |       |       ||     1
       Plate armour      |       |       |    22 ||    22
Dodge: Dodged            |    25 |    57 |   136 ||   218
Block: Shield            |    62 |   120 |   259 ||   441
